 Dungeon Crawl Stone Soup version 0.21-a0-509-gecc5317 (webtiles) character file.

1402 Laiders the Grappler (level 8, -3/59 HPs)
             Began as a Purple Draconian Transmuter on Dec 1, 2017.
             Slain by an ice beast (13 damage)
             ... on level 6 of the Dungeon.
             The game lasted 00:14:52 (8147 turns).

Laiders the Grappler (Purple Draconian Transmuter)  Turns: 8147, Time: 00:14:53

Health: -3/59      AC:  2    Str: 13    XL:     8   Next: 42%
Magic:  19/22      EV: 19    Int: 20    God:
Gold:   199        SH:  0    Dex: 17    Spells: 7/13 levels left

rFire    . . .     SeeInvis .     - Unarmed
rCold    . . .     Gourm    .   (shield currently unavailable)
rNeg     . . .     Faith    .   (armour unavailable)
rPois    x         Spirit   .   (helmet currently unavailable)
rElec    .         Reflect  .   (cloak currently unavailable)
rCorr    .         Harm     .   (gloves currently unavailable)
MR       +....                  (boots currently unavailable)
Stlth    ++........             (no amulet)
HPRegen  0.19/turn              p - +5 ring of intelligence
MPRegen  0.18/turn              v - ring of magical power

@: spider-form
A: tiny, (breathe power), unfitting armour, AC +6
a: End Transformation


You were on level 6 of the Dungeon.
You were not hungry.
You were a venomous arachnid creature.
You visited 1 branch of the dungeon, and saw 6 of its levels.
You also visited: Sewer.

You collected 374 gold pieces.
You spent 175 gold pieces at shops.

Inventory:

Missiles
 a - 140 arrows
Armour
 e - a +2 pair of boots (melded)
Jewellery
 p - a +5 ring of intelligence (left front leg)
 v - a ring of magical power (right front leg)
Wands
 r - a wand of random effects (9)
Scrolls
 d - a scroll of amnesia
 g - a scroll of noise {unknown}
 h - a scroll of magic mapping {unknown}
 k - a scroll of immolation {unknown}
 l - 2 scrolls of teleportation
 n - 2 scrolls of random uselessness {unknown}
 o - 2 scrolls of remove curse
 t - a scroll of summoning
 u - 4 scrolls of fear
Potions
 f - 7 potions of might
 i - 2 potions of heal wounds {unknown}
 m - 2 potions of cancellation
 q - a potion of haste
 s - 3 potions of brilliance
 x - 2 potions of curing
 z - 3 potions of agility
 A - 2 potions of flight {unknown}
Books
 b - a book of Changes

   Spells                             Type                      Level
   a - Beastly Appendage              Transmutation                1
   b - Sticks to Snakes               Transmutation                2
   c - Spider Form                    Transmutation/Poison         3
   d - Ice Form                       Ice/Transmutation            4
   e - Blade Hands                    Transmutation                5
Comestibles
 c - 5 bread rations
 j - 4 meat rations
 w - a fruit
 B - 6 chunks of flesh
 C - a royal jelly


   Skills:
 - Level 1.1 Fighting
 - Level 1.7 Dodging
 + Level 8.6 Unarmed Combat
 + Level 3.4 Spellcasting
 - Level 6.0 Transmutations
 + Level 1.9 Poison Magic


You had 7 spell levels left.
You knew the following spells:

 Your Spells              Type           Power        Failure   Level  Hunger
a - Beastly Appendage     Tmut           ####..       5%          1    None
b - Sticks to Snakes      Tmut           ####....     7%          2    ##.....
c - Spider Form           Tmut/Pois      ###.......   21%         3    ###....


Dungeon Overview and Level Annotations

Branches:
Dungeon (6/15)
 Temple: D:4-7

Altars:
Fedhas

Shops:
D:4 ?


Innate Abilities, Weirdness & Mutations

((You can breathe bolts of dispelling energy.))
((Your rich purple scales are hard. (AC +6)))
You cannot fit into any form of body armour.
((You are cold-blooded and may be slowed by cold attacks.))


Message History

Things that are here:
a dagger; a robe You see here a leather armour.
You start resting.
An ice beast comes into view.
Some of the chunks of flesh in your inventory have rotted away.
You hit the ice beast but do no damage. You hit the ice beast but do no damage.
The ice beast hits you. The ice beast freezes you!
You feel yourself slow down.
* * * LOW HITPOINT WARNING * * *
You completely miss the ice beast. The ice beast closely misses you.
Casting: Beastly Appendage
Confirm with . or Enter, or press ? or * to list all spells.
You turn into a venomous arachnid creature.
Your +2 pair of boots melds into your body.
You feel yourself speed up. The ice beast barely misses you.
The ice beast hits you.
* * * LOW HITPOINT WARNING * * *
The ice beast freezes you!
You die...

##........#
##.........#
##..........##
#..........).#
#...........#
#.........).##
#..........[.##
#.............##
##.........Ys..##
...........##....##
...........####....##
# ..####....[##
##....# ## . #.....#
#....## ##. ##.##..
##....########.. #
##....##.......
#.....#.......
##............


You could see an ice beast.

Vanquished Creatures
  A sky beast (D:6)
  3 phantoms
  2 centaurs (D:5)
  3 big kobolds (Sewer)
  A scorpion (D:4)
  A howler monkey (D:4)
  A bullfrog zombie (D:5)
  4 hounds
  An orc priest (D:5)
  A centaur skeleton (D:5)
  A worker ant (D:6)
  An orc wizard (D:6)
  An iguana (D:4)
  A hound zombie (D:5)
  A worker ant zombie (D:5)
  Robin (D:3)
  5 gnolls
  8 adders
  A shadow imp (D:5)
  2 oozes
  3 adder skeletons
  An adder zombie (D:3)
  3 worms (D:2)
  A dart slug (D:4)
  A leopard gecko (D:2)
  10 orcs
  5 ball pythons
  11 giant cockroaches
  10 goblins
  12 hobgoblins
  3 jackals (D:1)
  4 quokkas
  10 bats
  9 frilled lizards
  A jackal skeleton (D:5)
  18 kobolds
  8 rats
  A fungus (D:5)
151 creatures vanquished.

Vanquished Creatures (others)
  A fungus (D:5)
1 creature vanquished.

Grand Total: 152 creatures vanquished

Notes
Turn   | Place    | Note
-------+----------+-------------------------------------------
     0 | D:1      | Laiders the Draconian Transmuter began the quest for the Orb.
     0 | D:1      | Reached XP level 1. HP: 16/16 MP: 3/3
   186 | D:1      | Reached XP level 2. HP: 16/23 MP: 5/5
   198 | D:1      | Learned a level 2 spell: Sticks to Snakes
  1293 | D:2      | Reached XP level 3. HP: 21/28 MP: 4/6
  1546 | D:2      | Reached skill level 4 in Unarmed Combat
  2038 | D:2      | Reached XP level 4. HP: 24/35 MP: 5/7
  2420 | D:3      | Noticed Robin
  2438 | D:3      | Killed Robin
  3508 | D:3      | Reached XP level 5. HP: 40/40 MP: 8/8
  3677 | D:4      | Learned a level 3 spell: Spider Form
  3700 | D:4      | Found Fuoneis's Magic Scroll Shoppe.
  3708 | D:4      | Bought a scroll of remove curse for 33 gold pieces
  3708 | D:4      | Bought a scroll of summoning for 104 gold pieces
  3708 | D:4      | Bought a scroll of fear for 38 gold pieces
  4009 | D:4      | Reached skill level 5 in Unarmed Combat
  4239 | D:4      | Found a glowing drain.
  4249 | D:4      | Reached XP level 6. HP: 34/47 MP: 9/9
  4283 | Sewer    | Entered a sewer
  4771 | Sewer    | Reached skill level 5 in Transmutations
  5183 | Sewer    | Reached skill level 6 in Unarmed Combat
  5519 | D:4      | Your scales start taking on a rich purple colour.
  5519 | D:4      | Reached XP level 7. HP: 46/52 MP: 10/10
  6442 | D:5      | Entered Level 5 of the Dungeon
  7263 | D:5      | Reached skill level 7 in Unarmed Combat
  7315 | D:5      | Found a blossoming altar of Fedhas.
  7404 | D:5      | Reached XP level 8. HP: 38/59 MP: 11/11
  7438 | D:5      | Reached skill level 8 in Unarmed Combat
  7936 | D:6      | Reached skill level 1 in Poison Magic
  8147 | D:6      | Slain by an ice beast

Vault maps used:
D:1:      kennysheep_arrival_forest
D:3:      uniq_robin
D:4:      gup_sewer_entry_glass, serial_shops, shop
D:5:      fedhas_altar_3, first_bread, cheibrodos_gnoll_hut
Sewer:    kennysheep_pipe_town

Skill      XL: |  1  2  3  4  5  6  7  8 |
---------------+-------------------------+-----
Transmutations | 3 4 5 6 |  6.0
Unarmed Combat | 4 5 6 7 8 |  8.6
Spellcasting   | 3 |  3.4
Poison Magic   | 1 |  1.9
Fighting       | |  1.1
Dodging        | |  1.7

Action                   |  1- 3 |  4- 6 |  7- 9 || total
-------------------------+-------+-------+-------++-------
Melee: Unarmed           |   147 |   312 |   231 ||   690
       Tailslap          |     9 |    20 |    16 ||    45
       Kick              |     4 |    16 |       ||    20
       Headbutt          |     1 |     4 |     1 ||     6
       Punch             |       |     6 |     3 ||     9
 Cast: Beastly Appendage |     7 |    13 |     3 ||    23
       Spider Form       |       |       |     5 ||     5
       Sticks to Snakes  |       |       |     2 ||     2
  Use: Scroll            |     2 |     9 |     2 ||    13
       Potion            |       |     2 |     1 ||     3
 Stab: Sleeping          |     1 |       |     1 ||     2
       Distracted        |       |     1 |       ||     1
  Eat: Chunk             |     4 |    11 |     9 ||    24
Armor: Skin              |    57 |   138 |    73 ||   268
Dodge: Dodged            |   113 |   248 |   126 ||   487

Table legend:
 A = Spawn XP
 B = Non-spawn XP
 C = Spawn XP percentage of total XP
 D = Spawn monster count
 E = Non-spawn monster count
 F = Spawn count percentage of total count
 G = Total turns spent on level
                    A         B        C        D         E        F      G
               +---------+---------+-------+---------+---------+-------+---------
         Total |       0 |    2003 |   0.0 |       0 |     150 |   0.0 |  8147
               +---------+---------+-------+---------+---------+-------+---------
           D:1 |       0 |      34 |   0.0 |       0 |      19 |   0.0 |  1265
           D:2 |       0 |      76 |   0.0 |       0 |      20 |   0.0 |  1100
           D:3 |       0 |      88 |   0.0 |       0 |      34 |   0.0 |  1579
           D:4 |       0 |     349 |   0.0 |       0 |      23 |   0.0 |  1387
           D:5 |       0 |     779 |   0.0 |       0 |      18 |   0.0 |  1398
           D:6 |       0 |     341 |   0.0 |       0 |      12 |   0.0 |   307
         Sewer |       0 |     336 |   0.0 |       0 |      24 |   0.0 |  1111
               +---------+---------+-------+---------+---------+-------+---------
